NYP
ABERDEEN IRONBIRDS @ TRI-CITY VALLEYCATS
07/12/2047
 
TOP OF THE 1ST
Aberdeen Ironbirds batting - Pitching for Tri-City ValleyCats : RHP Devin Spears
Pitching: RHP Devin Spears
Batting: RHB Josh Hopp 0-0: Called Strike
0-1: Ball
1-1: Bunt for hit to 5S - play at first, batter safe!
Batting: LHB Adam Oldfield 0-0: Ball
Josh Hopp steals 2nd base
1-0: Called Strike
1-1: Foul Ball, location: 2F
1-2: Ball
2-2: Ball
3-2: Foul Ball, location: 2F
3-2: Strikes out looking
Batting: RHB Matt O'Dea 0-0: Called Strike
0-1: Ball
1-1: Ball
2-1: SINGLE (Groundball, 6MD, EV 98.1 MPH)
Josh Hopp to third
Runner from 3rd tries for Home, SAFE, throw by CF to home
Batting: RHB Daniel Jackson 0-0: Ball
1-0: Ball
2-0: SINGLE (Groundball, 4M, EV 105.6 MPH) (infield hit)
Matt O'Dea to second
Batting: RHB Wes Reynolds 0-0: Foul Ball, location: 2F
0-1: Ball
Passed Ball!
Matt O'Dea to third
Daniel Jackson to second
1-1: Foul Ball, location: 2F
1-2: Ball
2-2: Ball
3-2: Foul Ball, location: 2F
3-2: Ground out 6-3 (Groundball, 4M, EV 87.5 MPH)
Matt O'Dea scores
Daniel Jackson to third
Batting: RHB Mike Zepeda 0-0: Ball
1-0: Ball
2-0: Called Strike
2-1: Swinging Strike
2-2: Foul Ball, location: 2F
2-2: Foul Ball, location: 2F
2-2: SINGLE (Groundball, 4MD, EV 95.6 MPH)
Daniel Jackson scores
Batting: LHB Ralph Braine 0-0: Ball
Mike Zepeda steals 2nd base (no throw)
1-0: Swinging Strike
Passed Ball!
Mike Zepeda to third
1-1: Called Strike
1-2: Foul Ball, location: 2F
1-2: Ball
2-2: Foul Ball, location: 2F
2-2: Foul Ball, location: 2F
2-2: Ball
3-2: Foul Ball, location: 2F
3-2: Foul Ball, location: 2F
3-2: Ground out 4-3 (Groundball, 4, EV 101.9 MPH)
Top of the 1st over - 3 runs, 4 hits, 0 errors, 1 left on base; Aberdeen 3 - Tri-City 0
BOTTOM OF THE 1ST
Tri-City ValleyCats batting - Pitching for Aberdeen Ironbirds : RHP Adam Browne
Pitching: RHP Adam Browne
Batting: LHB Bruce Arvizu 0-0: Ball
1-0: Called Strike
1-1: Ball
2-1: Ball
3-1: Swinging Strike
3-2: Strikes out swinging
Batting: LHB Daigo Ishii 0-0: Ball
1-0: Hit by Pitch
Batting: LHB Mark Dearth 0-0: Swinging Strike
0-1: Ball
1-1: Ball
2-1: Swinging Strike
2-2: Foul Ball, location: 2F
2-2: Foul Ball, location: 2F
2-2: Ball
Passed Ball!
Daigo Ishii to second
3-2: Base on Balls
Batting: SHB Tanner Bernstein 0-0: Called Strike
0-1: Foul Ball, location: 2F
0-2: Ball
1-2: Grounds into double play, 4-6-3 (Groundball, 4D, EV 95.0 MPH)
Bottom of the 1st over - 0 runs, 0 hits, 0 errors, 1 left on base; Aberdeen 3 - Tri-City 0
TOP OF THE 2ND
Aberdeen Ironbirds batting - Pitching for Tri-City ValleyCats : RHP Devin Spears
Batting: RHB Marquis Major 0-0: Ball
1-0: Ball
2-0: Called Strike
2-1: Fly out, F8 (Flyball, 8RD, EV 105.0 MPH)
Batting: RHB Matt Berrier 0-0: Called Strike
0-1: Foul Ball, location: 2F
0-2: Ball
1-2: Foul Ball, location: 2F
1-2: SINGLE (Groundball, 6MD, EV 95.0 MPH)
Batting: RHB Josh Hopp 0-0: Ball
1-0: Ball
2-0: Ball
3-0: Called Strike
3-1: Base on Balls
Matt Berrier to second
Batting: LHB Adam Oldfield 0-0: Called Strike
0-1: Ball
1-1: Ball
2-1: Foul Ball, location: 2F
2-2: Ball
3-2: Base on Balls
Matt Berrier to third
Josh Hopp to second
Batting: RHB Matt O'Dea 0-0: Foul Ball, location: 2F
0-1: Called Strike
0-2: Foul Ball, location: 2F
0-2: Ball
1-2: Foul Ball, location: 2F
1-2: Foul Ball, location: 2F
1-2: Foul Ball, location: 2F
1-2: Fly out, F8 (Flyball, 89M, EV 74.4 MPH)
Runner from 3rd tags up, SCORES, throw by CF
Josh Hopp to third
Batting: RHB Daniel Jackson 0-0: Called Strike
0-1: Swinging Strike
0-2: Ball
1-2: Strikes out looking
Top of the 2nd over - 1 run, 1 hit, 0 errors, 2 left on base; Aberdeen 4 - Tri-City 0
BOTTOM OF THE 2ND
Tri-City ValleyCats batting - Pitching for Aberdeen Ironbirds : RHP Adam Browne
Batting: RHB Steve Moore 0-0: Called Strike
0-1: Foul Ball, location: 2F
0-2: Ground out 6-3 (Groundball, 6, EV 101.9 MPH)
Batting: RHB Drew Coleman 0-0: Ground out 4-3 (Groundball, 4M, EV 80.0 MPH)
Batting: RHB J.R. Roberts 0-0: Ball
1-0: Foul Ball, location: 2F
1-1: Fly out, F7 (Flyball, 7, EV 90.6 MPH)
Bottom of the 2nd over - 0 runs, 0 hits, 0 errors, 0 left on base; Aberdeen 4 - Tri-City 0
TOP OF THE 3RD
Aberdeen Ironbirds batting - Pitching for Tri-City ValleyCats : RHP Devin Spears
Batting: RHB Wes Reynolds 0-0: Called Strike
0-1: Ball
1-1: Foul Ball, location: 2F
1-2: SINGLE (Groundball, 56D, EV 96.2 MPH)
Batting: RHB Mike Zepeda 0-0: Ball
Wes Reynolds steals 2nd, throwing error, E2
Wes Reynolds to third
1-0: Foul Ball, location: 2F
1-1: Called Strike
1-2: Fly out, F8 (Flyball, 8RD, EV 88.1 MPH)
Runner from 3rd tags up, SCORES, no throw by CF
Batting: LHB Ralph Braine 0-0: Ball
1-0: Foul Ball, location: 2F
1-1: Fly out, F6 (Popup, 6M, EV 80.0 MPH)
Batting: RHB Marquis Major 0-0: Swinging Strike
0-1: Ball
1-1: Ball
2-1: Ball
3-1: DOUBLE (Groundball, 5L, EV 110.0 MPH)
Batting: RHB Matt Berrier 0-0: Ball
1-0: Swinging Strike
1-1: Ball
2-1: Foul Ball, location: 2F
2-2: Ball
3-2: Foul Ball, location: 2F
3-2: Base on Balls
Batting: RHB Josh Hopp 0-0: Ball
1-0: SINGLE (Line Drive, 89M, EV 86.9 MPH)
Marquis Major to third
Matt Berrier to second
Runner from 3rd tries for Home, SAFE, throw by RF to home
Pitching: RHP Michiyo Takayama
Batting: LHB Adam Oldfield 0-0: Ball
1-0: Ball
2-0: Ball
3-0: Called Strike
3-1: Called Strike
3-2: Base on Balls
Matt Berrier to third
Josh Hopp to second
Batting: RHB Matt O'Dea 0-0: Called Strike
0-1: Foul Ball, location: 2F
0-2: Foul Ball, location: 2F
0-2: SINGLE (Groundball, 34D, EV 110.6 MPH)
Matt Berrier scores
Josh Hopp to third
Adam Oldfield to second
Runner from 3rd tries for Home, SAFE, throw by RF to home
Now in RF: David Schweitzer
Batting: RHB Daniel Jackson 0-0: Called Strike
0-1: Ball
1-1: Fly out, F7 (Flyball, 7, EV 83.1 MPH)
Top of the 3rd over - 4 runs, 4 hits, 1 error, 2 left on base; Aberdeen 8 - Tri-City 0
BOTTOM OF THE 3RD
Tri-City ValleyCats batting - Pitching for Aberdeen Ironbirds : RHP Adam Browne
Batting: RHB To-wai Chen 0-0: Ball
1-0: Called Strike
1-1: Called Strike
1-2: Foul Ball, location: 2F
1-2: Ball
2-2: Strikes out swinging, 2-3 out at first.
Batting: RHB Omar Amaya 0-0: Called Strike
0-1: Ball
1-1: Ball
2-1: Swinging Strike
2-2: Foul Ball, location: 2F
2-2: Foul Ball, location: 2F
2-2: Strikes out swinging
Batting: LHB Bruce Arvizu 0-0: Ball
1-0: Called Strike
1-1: Fly out, F7 (Line Drive, 78M, EV 99.4 MPH)
Bottom of the 3rd over - 0 runs, 0 hits, 0 errors, 0 left on base; Aberdeen 8 - Tri-City 0
TOP OF THE 4TH
Aberdeen Ironbirds batting - Pitching for Tri-City ValleyCats : RHP Michiyo Takayama
Batting: RHB Wes Reynolds 0-0: Ball
1-0: Ball
2-0: Ball
3-0: Base on Balls
Batting: RHB Mike Zepeda 0-0: Ball
1-0: Ball
2-0: Called Strike
2-1: SINGLE (Groundball, 23, EV 71.9 MPH) (infield hit)
Wes Reynolds to second
Batting: LHB Ralph Braine 0-0: Called Strike
0-1: Called Strike
0-2: Foul Ball, location: 2F
0-2: Ball
1-2: Fielders Choice at 2nd, 4-6 (Groundball, 4, EV 85.0 MPH)
Wes Reynolds to third
Batting: RHB Marquis Major 0-0: Called Strike
Ralph Braine steals 2nd base
0-1: Ball
1-1: Ground out 6-3 (Groundball, 6, EV 82.5 MPH)
Wes Reynolds scores
Ralph Braine to third
Batting: RHB Matt Berrier 0-0: Ball
1-0: DOUBLE (Line Drive, 7LM, EV 95.6 MPH)
Ralph Braine scores
Pitching: LHP Omar Marquez
Batting: RHB Josh Hopp 0-0: Ball
1-0: Ball
2-0: 2-RUN HOME RUN (Flyball, 9D, EV 96.9 MPH), Distance : 360 ft
Batting: LHB Adam Oldfield 0-0: Called Strike
0-1: Ball
1-1: Called Strike
1-2: Ball
2-2: Foul Ball, location: 2F
2-2: SINGLE (Line Drive, 7S, EV 105.0 MPH)
Batting: RHB Matt O'Dea 0-0: Ball
1-0: Ball
2-0: Ball
3-0: Called Strike
3-1: Base on Balls
Adam Oldfield to second
Batting: RHB Daniel Jackson 0-0: Called Strike
0-1: Ball
1-1: Ball
2-1: Ball
3-1: Foul Ball, location: 2F
Balk!
Adam Oldfield to third
Matt O'Dea to second
3-2: Foul Ball, location: 2F
3-2: Ground out 6-3 (Groundball, 6, EV 102.5 MPH)
Top of the 4th over - 4 runs, 4 hits, 0 errors, 2 left on base; Aberdeen 12 - Tri-City 0
BOTTOM OF THE 4TH
Tri-City ValleyCats batting - Pitching for Aberdeen Ironbirds : RHP Adam Browne
Batting: LHB Daigo Ishii 0-0: Foul Ball, location: 2F
0-1: Swinging Strike
0-2: Strikes out swinging
Batting: LHB Mark Dearth 0-0: Ball
1-0: Ball
2-0: Foul Ball, location: 2F
2-1: Called Strike
2-2: Strikes out swinging, 2-3 out at first.
Batting: SHB Tanner Bernstein 0-0: Foul Ball, location: 2F
0-1: Foul Ball, location: 2F
0-2: Strikes out looking
Bottom of the 4th over - 0 runs, 0 hits, 0 errors, 0 left on base; Aberdeen 12 - Tri-City 0
TOP OF THE 5TH
Aberdeen Ironbirds batting - Pitching for Tri-City ValleyCats : LHP Omar Marquez
Batting: RHB Wes Reynolds 0-0: Called Strike
0-1: Ball
1-1: Ball
2-1: Foul Ball, location: 2F
2-2: Ball
3-2: Base on Balls
Batting: RHB Mike Zepeda 0-0: Ball
1-0: SINGLE (Groundball, 6MD, EV 106.2 MPH)
Wes Reynolds to second
Batting: LHB Ralph Braine Balk!
Wes Reynolds to third
Mike Zepeda to second
0-0: Swinging Strike
0-1: Fly out, F9 (Flyball, 9D, EV 87.5 MPH)
Runner from 3rd tags up, SCORES, no throw by RF
Batting: RHB Marquis Major 0-0: Foul Ball, location: 2F
0-1: DOUBLE (Groundball, 5L, EV 109.4 MPH)
Mike Zepeda scores
Batting: RHB Matt Berrier 0-0: Ball
1-0: Ball
2-0: Called Strike
2-1: Called Strike
2-2: Ball
3-2: Strikes out swinging
Batting: RHB Josh Hopp 0-0: Ball
1-0: Called Strike
1-1: Ball
2-1: Called Strike
2-2: Ball
3-2: Base on Balls
Pitching: LHP Nick Isaac
Batting: LHB Adam Oldfield 0-0: Ground out 4-3 (Groundball, 34D, EV 98.1 MPH)
Top of the 5th over - 2 runs, 2 hits, 0 errors, 2 left on base; Aberdeen 14 - Tri-City 0
BOTTOM OF THE 5TH
Tri-City ValleyCats batting - Pitching for Aberdeen Ironbirds : RHP Adam Browne
Batting: RHB Steve Moore 0-0: Called Strike
0-1: Ball
1-1: Swinging Strike
1-2: Ball
2-2: Fly out, F8 (Line Drive, 78D, EV 97.5 MPH)
Batting: RHB David Schweitzer 0-0: Ball
1-0: Ball
2-0: Swinging Strike
2-1: Foul Ball, location: 2F
2-2: Strikes out looking
Batting: RHB J.R. Roberts 0-0: Ball
1-0: Ball
2-0: Called Strike
2-1: Ball
3-1: DOUBLE (Line Drive, 7LM, EV 97.5 MPH)
Batting: RHB To-wai Chen 0-0: Ball
1-0: Ground out 6-3 (Groundball, 6, EV 81.9 MPH)
Bottom of the 5th over - 0 runs, 1 hit, 0 errors, 1 left on base; Aberdeen 14 - Tri-City 0
TOP OF THE 6TH
Aberdeen Ironbirds batting - Pitching for Tri-City ValleyCats : LHP Nick Isaac
Batting: RHB Matt O'Dea 0-0: Ball
1-0: Swinging Strike
1-1: Ground out 6-3 (Groundball, 6, EV 88.1 MPH)
Batting: RHB Daniel Jackson 0-0: Swinging Strike
0-1: Ball
1-1: Called Strike
1-2: Strikes out swinging
Batting: RHB Wes Reynolds 0-0: Ball
1-0: Ball
2-0: Called Strike
2-1: Ground out 6-3 (Groundball, 6M, EV 86.9 MPH)
Top of the 6th over - 0 runs, 0 hits, 0 errors, 0 left on base; Aberdeen 14 - Tri-City 0
BOTTOM OF THE 6TH
Tri-City ValleyCats batting - Pitching for Aberdeen Ironbirds : RHP Adam Browne
Batting: RHB Omar Amaya 0-0: Called Strike
0-1: Fly out, F8 (Flyball, 8LD, EV 95.6 MPH)
Batting: LHB Bruce Arvizu 0-0: Called Strike
0-1: Called Strike
0-2: Ball
1-2: Ground out 4-3 (Groundball, 4, EV 100.0 MPH)
Batting: LHB Daigo Ishii 0-0: Ball
1-0: Called Strike
1-1: Fly out, F8 (Flyball, 8LD, EV 89.4 MPH)
Bottom of the 6th over - 0 runs, 0 hits, 0 errors, 0 left on base; Aberdeen 14 - Tri-City 0
TOP OF THE 7TH
Aberdeen Ironbirds batting - Pitching for Tri-City ValleyCats : LHP Nick Isaac
Batting: RHB Mike Zepeda 0-0: Ball
1-0: Foul Ball, location: 2F
1-1: SINGLE (Groundball, 56D, EV 108.8 MPH)
Batting: LHB Ralph Braine 0-0: Ball
1-0: Ball
2-0: Called Strike
2-1: Ball
3-1: Base on Balls
Mike Zepeda to second
Batting: RHB Marquis Major 0-0: SINGLE (Groundball, 34D, EV 93.8 MPH)
Mike Zepeda to third
Ralph Braine to second
Throwing error, E9
Mike Zepeda scores
Ralph Braine to third
Marquis Major to second
Batting: RHB Matt Berrier 0-0: Called Strike
0-1: Ball
1-1: Foul Ball, location: 2F
Balk!
Ralph Braine scores
Marquis Major to third
1-2: Fly out, F7 (Line Drive, 78M, EV 99.4 MPH)
Runner from 3rd tags up, SCORES, throw by LF
Batting: RHB Josh Hopp 0-0: Fly out, F4 (Popup, 3D, EV 48.8 MPH)
Batting: LHB Adam Oldfield 0-0: Called Strike
0-1: Swinging Strike
0-2: Ball
1-2: Ground out 4-3 (Groundball, 4, EV 103.1 MPH)
Top of the 7th over - 3 runs, 2 hits, 1 error, 0 left on base; Aberdeen 17 - Tri-City 0
BOTTOM OF THE 7TH
Tri-City ValleyCats batting - Pitching for Aberdeen Ironbirds : RHP Adam Browne
Pinch Hitting: RHB Tristan Lewis 0-0: SINGLE (Line Drive, 78S, EV 109.4 MPH)
Batting: SHB Tanner Bernstein 0-0: Ball
1-0: Foul Ball, location: 2F
1-1: Ball
2-1: Ball
3-1: Foul Ball, location: 2F
3-2: Strikes out swinging
Tristan Lewis steals 2nd base (no throw)
Batter strikes out.
Batting: RHB Steve Moore 0-0: Ball
1-0: Called Strike
1-1: Ball
2-1: Ground out 5-3 (Groundball, 56, EV 80.0 MPH)
Batting: RHB David Schweitzer 0-0: Ground out 6-3 (Groundball, 6, EV 93.1 MPH)
Bottom of the 7th over - 0 runs, 1 hit, 0 errors, 1 left on base; Aberdeen 17 - Tri-City 0
TOP OF THE 8TH
Aberdeen Ironbirds batting - Pitching for Tri-City ValleyCats : LHP Nick Isaac
Now at 2B: Tristan Lewis
Batting: RHB Matt O'Dea 0-0: Ball
1-0: Ball
2-0: Ball
3-0: Called Strike
3-1: Base on Balls
Pinch Hitting: RHB Tony Godley 0-0: Ball
1-0: Ball
2-0: Called Strike
2-1: Grounds into double play, 5-4-3 (Groundball, 56, EV 106.9 MPH)
Batting: RHB Wes Reynolds 0-0: Ball
1-0: Foul Ball, location: 2F
1-1: Called Strike
1-2: Ball
2-2: SINGLE (Groundball, 6MS, EV 72.5 MPH) (infield hit)
Pitching: RHP Sean Hill
Batting: RHB Mike Zepeda Balk!
Wes Reynolds to second
0-0: Ball
1-0: Foul Ball, location: 2F
1-1: Called Strike
1-2: Strikes out swinging
Top of the 8th over - 0 runs, 1 hit, 0 errors, 1 left on base; Aberdeen 17 - Tri-City 0
BOTTOM OF THE 8TH
Tri-City ValleyCats batting - Pitching for Aberdeen Ironbirds : RHP Adam Browne
Now in LF: Ralph Braine
Now in CF: Tony Godley
Now in RF: Josh Hopp
Batting: RHB J.R. Roberts 0-0: Foul Ball, location: 2F
0-1: Called Strike
0-2: Ball
1-2: Ball
2-2: Strikes out swinging
Pitching: RHP Jun-seok Pak
Batting: RHB To-wai Chen 0-0: Ball
1-0: Swinging Strike
1-1: Swinging Strike
1-2: Strikes out looking
Batting: RHB Omar Amaya 0-0: Ball
1-0: Swinging Strike
1-1: Foul Ball, location: 2F
1-2: Ball
2-2: Foul Ball, location: 2F
2-2: Strikes out swinging
Bottom of the 8th over - 0 runs, 0 hits, 0 errors, 0 left on base; Aberdeen 17 - Tri-City 0
TOP OF THE 9TH
Aberdeen Ironbirds batting - Pitching for Tri-City ValleyCats : RHP Sean Hill
Batting: LHB Ralph Braine 0-0: Foul Ball, location: 2F
0-1: Foul Ball, location: 2F
0-2: Ball
1-2: Fly out, F8 (Flyball, 8RM, EV 88.8 MPH)
Batting: RHB Marquis Major 0-0: Called Strike
0-1: Swinging Strike
0-2: Ground out 6-3 (Groundball, 6, EV 79.4 MPH)
Batting: RHB Matt Berrier 0-0: Swinging Strike
0-1: Called Strike
0-2: Strikes out swinging
Top of the 9th over - 0 runs, 0 hits, 0 errors, 0 left on base; Aberdeen 17 - Tri-City 0
BOTTOM OF THE 9TH
Tri-City ValleyCats batting - Pitching for Aberdeen Ironbirds : RHP Jun-seok Pak
Batting: LHB Bruce Arvizu 0-0: Ball
1-0: DOUBLE (Groundball, 5L, EV 98.1 MPH)
Batting: LHB Daigo Ishii 0-0: Ball
1-0: Foul Ball, location: 2F
1-1: Ball
2-1: Fly out, F7 (Line Drive, 78M, EV 91.9 MPH)
Batting: RHB Tristan Lewis 0-0: Ground out 6-3 (Groundball, 6, EV 106.2 MPH)
Batting: SHB Tanner Bernstein 0-0: Ball
1-0: Ball
2-0: Called Strike
2-1: Foul Ball, location: 2F
2-2: Strikes out swinging, 2-3 out at first.
Bottom of the 9th over - 0 runs, 1 hit, 0 errors, 1 left on base; Aberdeen 17 - Tri-City 0
Thursday, December 15th , 2022 - OOTP Baseball 23.9 Build 102